 Dungeon Crawl Stone Soup version 0.28.0-49-g6dfe1f597d (webtiles) character file.

Game seed: 12543067106717156472

127 GigaChad the Skirmisher (level 4, -9/41 HPs)
             Began as a Minotaur Fighter on May 11, 2022.
             Mangled by a polar bear (23 damage)
             ... created by the rage of Trog
             ... on level 3 of the Dungeon.
             The game lasted 00:03:11 (2109 turns).

GigaChad the Skirmisher (Minotaur Fighter)          Turns: 2109, Time: 00:03:15

Health: -9/41      AC:  7    Str: 20    XL:     4   Next: 85%
Magic:  3/3        EV:  9    Int:  5    God:
Gold:   110        SH:  5    Dex: 12    Spells: 3/3 levels left

rFire   . . .      SeeInvis .   a - +0 long sword
rCold   . . .      Faith    .   c - +0 buckler
rNeg    . . .      Spirit   .   b - +0 scale mail
rPois   .          Reflect  .   (helmet restricted)
rElec   .          Harm     .   (no cloak)
rCorr   .          Rampage  .   (no gloves)
Will    .....                   (no boots)
Stlth   ..........              (no amulet)
HPRegen 0.13/turn               (no ring)
MPRegen 0.08/turn               (no ring)

@: no status effects
A: horns 2, retaliatory headbutt
a: no special abilities


You were on level 3 of the Dungeon.
You visited 1 branch of the dungeon, and saw 3 of its levels.

You collected 110 gold pieces.

Inventory:

Hand Weapons
 a - a +0 long sword (weapon)
Armour
 b - a +0 scale mail (worn)
 c - a +0 buckler (worn)
Jewellery
 o - a ring of flight
Scrolls
 e - 2 scrolls of noise {unknown}
 g - a scroll of summoning {unknown}
 h - a scroll of teleportation {unknown}
 j - a scroll of identify {unknown}
 m - a scroll of magic mapping {unknown}
Potions
 d - a potion of might
 f - a potion of flight {unknown}
 i - 2 potions of curing {unknown}
 k - a potion of heal wounds {unknown}
 l - a potion of brilliance {unknown}
 n - a potion of invisibility {unknown}


   Skills:
 + Level 4.7 Fighting
 + Level 3.7 Long Blades
 + Level 4.5 Armour
 + Level 1.1 Dodging
 + Level 4.2 Shields


You had 3 spell levels left.
You didn't know any spells.
Your spell library contained the following spells:

 Spells                   Type           Power      Damage    Failure   Level
 Beastly Appendage        Tmut           0%         N/A       88%         1
 Wereblood                Tmut           0%         N/A       96%         2
 Spider Form              Tmut/Pois      0%         N/A       99%         3


Dungeon Overview and Level Annotations

Branches:
Dungeon (3/15)

Altars:
Trog

Annotations:
D:3 1 transporter, osoart's ghost, weakling DgTm


Innate Abilities, Weirdness & Mutations

You have a pair of horns on your head.
You reflexively headbutt those who attack you in melee.


Message History

The bullfrog gives a loud, deep croak!
A bullfrog is nearby!
The bullfrog hits you but does no damage.
You closely miss the bullfrog. The bullfrog barely misses you.
The bullfrog hits you.
You barely miss the bullfrog. Your headbutt misses the bullfrog.
The bullfrog hits you but does no damage.
The bullfrog barely misses you.
You barely miss the bullfrog. The bullfrog barely misses you.
You furiously retaliate!
You headbutt the bullfrog, but do no damage.
You block the bullfrog's attack.
You miss the bullfrog. The bullfrog barely misses you.
The bullfrog hits you but does no damage.
You closely miss the bullfrog. The bullfrog hits you. x2
You miss the bullfrog. The bullfrog hits you. The bullfrog barely misses you.
You hit the bullfrog. Your headbutt misses the bullfrog.
The bullfrog is moderately wounded.
The bullfrog barely misses you. You furiously retaliate!
You headbutt the bullfrog! You block the bullfrog's attack.
You hit the bullfrog. Your headbutt misses the bullfrog.
The bullfrog is almost dead.
The bullfrog hits you but does no damage.
You hit the bullfrog.
You kill the bullfrog!
Your Dodging skill increases to level 1!
You see here a bullfrog corpse.
Trog sends monsters to punish you. 2 black bears and 3 polar bears come into view.
There are monsters nearby!
There are monsters nearby!
There are monsters nearby!
You hit the polar bear.
The polar bear is lightly wounded.
The black bear bites you. The black bear closely misses you.
The black bear barely misses you. The polar bear bites you!
The polar bear barely misses you. The polar bear claws you.
The polar bear bites you!!
Ouch! That really hurt!
You die...

#####.# #.# #.. #.#
......#####.# #.## #.#
...##....##.# #.. #.#
##.##.##†##.# #.# #.#
#.##.##.##.# #.##### #.#
#.##.##.##.#######.÷...#
#.#
#.##.##.##.........###.#
#.. #.##.##.######..h###
#.# #..
#.##.##.......h@.# #.#
#.###..
#.....########hh## #.#
#...... ####..# #...h#
#.#######.#
#..######.##.#
#.........#
#.....<......#
###########
##############


You could see 3 polar bears and 2 black bears.

Vanquished Creatures
  A bullfrog (D:3)
  Robin (D:2)
  An adder (D:2)
  A dart slug (D:1)
  An endoplasm (D:1)
  A giant cockroach (D:2)
  8 hobgoblins
  4 kobolds
  2 quokkas (D:1)
  4 ball pythons
  2 bats (D:1)
  A frilled lizard (D:3)
  9 goblins
  7 rats
43 creatures vanquished.

Notes
Turn   | Place    | Note
-------+----------+-------------------------------------------
     0 | D:1      | GigaChad the Minotaur Fighter began the quest for the Orb.
     0 | D:1      | Reached XP level 1. HP: 19/19 MP: 0/0
   215 | D:1      | Reached XP level 2. HP: 21/27 MP: 1/1
  1174 | D:2      | Reached XP level 3. HP: 34/34 MP: 2/2
  1227 | D:2      | Noticed Robin
  1238 | D:2      | Killed Robin
  1746 | D:2      | You fall into a shaft and drop 1 floor!
  1841 | D:3      | Found a faded altar of an unknown god.
  1860 | D:3      | Found a transporter.
  1862 | D:3      | Prayed at the altar of an unknown god.
  1862 | D:3      | Became a worshipper of Trog the Wrathful
  1862 | D:3      | Reached * piety under Trog
  1867 | D:3      | Fell from the grace of Trog
  1885 | D:3      | Noticed osoart's ghost (weakling DgTm)
  1896 | D:3      | Reached XP level 4. HP: 34/41 MP: 3/3
  2042 | D:3      | Noticed a bullfrog
  2052 | D:3      | Killed a bullfrog
  2053 | D:3      | Reached skill level 1 in Dodging
  2108 | D:3      | Noticed a black bear
  2108 | D:3      | Noticed a polar bear
  2108 | D:3      | Noticed a black bear
  2108 | D:3      | Noticed a polar bear
  2108 | D:3      | Noticed a polar bear
  2109 | D:3      | Mangled by a polar bear

Illustrated notes

Levels and vault maps discovered:
D:1:      minmay_arrival_up_and_down, layout_basic
D:2:      layout_basic, hex_tiny, uniq_robin
D:3:      layout_loops_ring, ebering_ecumenical_altar_sacrificial,
          gammafunk_ghost_stat_death, uniq_crazy_yiuf_cottage

Skill      XL: |  1  2  3  4 |
---------------+-------------+-----
Fighting       | 4 |  4.7
Shields        | 4 |  4.2
Armour         | 4 |  4.5
Long Blades    | 3 |  3.7
Dodging        | 1 |  1.1

Action                   |  1- 3 |  4- 6 || total
-------------------------+-------+-------++-------
Melee: Long sword        |    89 |    10 ||    99
       Headbutt          |    11 |       ||    11
Invok: Renounce Religion |     1 |       ||     1
Armor: Scale mail        |    56 |     4 ||    60
Dodge: Dodged            |    48 |     9 ||    57
Block: Buckler           |    24 |     2 ||    26
